cohdb
Replays
Latest Replays
All Replays
Popular Replays
Top Player Replays
Match Explorer
How It Works
Community
CoH3 Stats
Reddit
Sign in to upload your games and track your stats! →
Sign in with Steam
Match 33800308
Unlisted
Match 33800308
Overview
Messages
Build Orders
End
Selects Italian Coastal Battlegroup
Selects Coastal Reserves
Coastal Reserve
Construct Infanterie Kompanie
MG 42 Machine Gun Team
Coastal Reserve
Coastal Reserve
Sniper
Construct Panzergrenadier Kompanie
MG 42 Bunker
Medical Station
MG 42 Bunker
Selects Support Bunkers
MG 42 Bunker
Construct Panzer Kompanie
Selects Rapid Fortifications
Panzer IV Medium Tank
Selects Bulwark
Rapid Fortifications
MG 42 Bunker
Maximus
Subject9
tlgpa
🅲ˇ西德4000ˇ
天王盖地虎
gUi
brightXD
OMYGOD!
0
0
Comments
sign in to comment!
No comments posted yet!